 Dungeon Crawl Stone Soup version 0.20.1-1-g8b1a95d (webtiles) character file.

947 Xephys the Cleaver (level 7, -6/61 HPs)
             Began as a Minotaur Berserker on Oct 8, 2017.
             Was an Elder of Trog.
             Mangled by Ymberti's ghost (9 damage)
             ... on level 5 of the Dungeon.
             The game lasted 00:10:42 (2731 turns).

Xephys the Cleaver (Minotaur Berserker)             Turns: 2731, Time: 00:10:43

Health: -6/61      AC: 10    Str: 22    XL:     7   Next: 89%
Magic:  6/6        EV: 10    Int:  5    God:    Trog [****..]
Gold:   216        SH:  0    Dex: 10    Spells: 6/6 levels left

rFire    . . .     SeeInvis .   a - +0 hand axe
rCold    . . .     Gourm    .   (no shield)
rNeg     . . .     Faith    .   t - +3 scale mail
rPois    .         Spirit   .   (helmet restricted)
rElec    .         Reflect  .   (no cloak)
rCorr    .         Harm     .   (no gloves)
MR       .....                  (no boots)
Stlth    ..........             (no amulet)
Regen    0.2/turn               (no ring)
MPRegen  0.1/turn               (no ring)

@: hasted, very quick
A: retaliatory headbutt, horns 2
a: Berserk, Trog's Hand, Brothers in Arms, Burn Spellbooks, Renounce Religion


You were on level 5 of the Dungeon.
You worshipped Trog.
Trog was greatly pleased with you.
You were not hungry.

You visited 1 branch of the dungeon, and saw 5 of its levels.

You collected 216 gold pieces.

Inventory:

Hand Weapons
 a - a +0 hand axe (weapon)
Armour
 t - a +3 scale mail (worn)
Scrolls
 f - 2 scrolls of teleportation
 g - 2 scrolls of enchant weapon {unknown}
 i - a scroll of amnesia {unknown}
 j - 3 scrolls of blinking {unknown}
 k - 2 scrolls of fear
 l - a scroll of recharging
 o - a scroll of magic mapping {unknown}
 p - a scroll of fog
 q - a scroll of enchant armour {unknown}
 r - a scroll of identify {unknown}
Potions
 b - a potion of magic {unknown}
 c - 2 potions of flight
 d - a potion of haste
 e - a potion of heal wounds {unknown}
 h - a potion of curing {unknown}
 m - a potion of agility
 x - a potion of mutation {unknown}
 z - a potion of brilliance {unknown}
Comestibles
 n - a meat ration
 s - 2 fruits
 u - a bread ration
 v - a royal jelly
 w - 2 chunks of flesh


   Skills:
 + Level 5.1 Fighting
 * Level 9.7 Axes
 + Level 5.1 Armour
 - Level 2.1 Dodging


You had 6 spell levels left.
You didn't know any spells.

Dungeon Overview and Level Annotations

Branches:
Dungeon (5/15)
 Temple: D:4-7

Altars:
Cheibriados
Qazlal
Ru
Vehumet
Xom

Annotations:
D:5 Ymberti's ghost, novice HOFi


Innate Abilities, Weirdness & Mutations

You reflexively headbutt those who attack you in melee.
You have a pair of horns on your head.


Message History

You furiously retaliate!
You headbutt Ymberti's ghost. You closely miss Ymberti's ghost.
Your headbutt misses Ymberti's ghost.
Ymberti's ghost is lightly damaged.
You hit Ymberti's ghost but do no damage.
Ymberti's ghost is lightly damaged.
Ymberti's ghost closely misses you. You furiously retaliate!
You headbutt Ymberti's ghost. You hit Ymberti's ghost.
Ymberti's ghost is lightly damaged.
Ymberti's ghost hits you!
* * * LOW HITPOINT WARNING * * *
You hit Ymberti's ghost but do no damage.
Ymberti's ghost is lightly damaged.
Ymberti's ghost hits you!
* * * LOW HITPOINT WARNING * * *
You miss Ymberti's ghost. You headbutt Ymberti's ghost.
Ymberti's ghost is moderately damaged.
Ymberti's ghost hits you but does no damage.
It was a potion of haste.
You feel yourself speed up. Ymberti's ghost hits you!
You die...

######### ##...#...##
##...(.((..##
#############.........).#
........(.)@............#
...#########W(#######...#
######.>.##≈≈≈≈≈##.#####
.........#≈≈≈≈≈≈≈####...
########.#≈≈≈≈≈≈≈####...
#.'...⌠†..'.##...
###≈≈≈≈≈≈≈#.##...
#≈≈≈≈≈≈≈#.##...
##≈≈≈≈≈##.##...


You could see Ymberti's ghost.

Vanquished Creatures
  A phantom (D:4)
  An ogre (D:4)
  2 centaurs (D:5)
  A scorpion (D:4)
  A howler monkey (D:5)
  A hound (D:5)
  2 orc priests
  3 orc wizards
  6 worker ants
  4 gnolls (D:2)
  5 adders
  A shadow imp (D:5)
  An ooze (D:1)
  An adder zombie (D:5)
  2 adder skeletons
  4 worms
  A dart slug (D:4)
  4 leopard geckos
  17 orcs
  2 giant cockroaches
  8 goblins
  3 hobgoblins
  12 jackals
  8 kobolds
  2 quokkas (D:4)
  2 ball pythons (D:4)
  3 bats
  A frilled lizard (D:3)
  7 rats
106 creatures vanquished.

Notes
Turn   | Place    | Note
-------+----------+-------------------------------------------
     0 | D:1      | Xephys the Minotaur Berserker began the quest for the Orb.
     0 | D:1      | Reached XP level 1. HP: 19/19 MP: 0/0
   128 | D:1      | Reached skill level 4 in Axes
   183 | D:1      | Reached XP level 2. HP: 27/27 MP: 1/1
   471 | D:1      | Reached ** piety under Trog
   471 | D:1      | Reached XP level 3. HP: 32/33 MP: 2/2
   612 | D:2      | Reached skill level 5 in Axes
   719 | D:2      | Found a stormy altar of Qazlal.
   794 | D:2      | Found a radiant altar of Vehumet.
   830 | D:2      | Found a shimmering altar of Xom.
   831 | D:2      | Found a shimmering altar of Xom.
   831 | D:2      | Found a shimmering altar of Xom.
   831 | D:2      | Found a shimmering altar of Xom.
   833 | D:2      | Found a shimmering altar of Xom.
   833 | D:2      | Found a shimmering altar of Xom.
   833 | D:2      | Found a shimmering altar of Xom.
   961 | D:2      | Reached XP level 4. HP: 41/41 MP: 3/3
  1114 | D:3      | Reached skill level 6 in Axes
  1159 | D:3      | Reached XP level 5. HP: 47/47 MP: 4/4
  1694 | D:4      | Found a snail-covered altar of Cheibriados.
  1729 | D:4      | Reached *** piety under Trog
  1856 | D:4      | Reached skill level 7 in Axes
  1972 | D:4      | Noticed a phantom
  1985 | D:4      | Noticed an ogre
  1995 | D:4      | Killed an ogre
  1995 | D:4      | Reached XP level 6. HP: 55/55 MP: 5/5
  2075 | D:4      | Reached skill level 5 in Fighting
  2123 | D:4      | Reached skill level 8 in Axes
  2349 | D:4      | Reached XP level 7. HP: 61/61 MP: 6/6
  2412 | D:5      | Entered Level 5 of the Dungeon
  2456 | D:5      | Reached skill level 9 in Axes
  2542 | D:5      | Found a sacrificial altar of Ru.
  2552 | D:5      | Reached **** piety under Trog
  2672 | D:5      | Reached skill level 5 in Armour
  2721 | D:5      | Noticed Ymberti's ghost (novice HOFi)
  2729 | D:5      | HP: 3/61 [Ymberti's ghost (8)]
  2731 | D:5      | Mangled by Ymberti's ghost

Skill      XL: |  1  2  3  4  5  6  7 |
---------------+----------------------+-----
Axes           | 4 5 6 7 8 9 |  9.7
Fighting       | 4 5 |  5.1
Armour         | 3 4 5 |  5.1
Dodging        | |  2.1

Action                   |  1- 3 |  4- 6 |  7- 9 || total
-------------------------+-------+-------+-------++-------
Melee: Hand axe          |    94 |   152 |    85 ||   331
       Headbutt          |    17 |    27 |    14 ||    58
Invok: Berserk           |       |     1 |       ||     1
  Use: Scroll            |       |     4 |       ||     4
       Potion            |       |     2 |     1 ||     3
 Stab: Paralysed         |       |       |     1 ||     1
  Eat: Bread ration      |     1 |       |       ||     1
       Chunk             |       |     1 |     2 ||     3
Armor: Chain mail        |    46 |    20 |       ||    66
       Animal skin       |     1 |       |       ||     1
       Scale mail        |       |    39 |    19 ||    58
Dodge: Dodged            |    50 |    64 |    41 ||   155
